 Dungeon Crawl Stone Soup version 0.31-a0-240-gb923e448b6 (webtiles) character file.

Game seed: 8551853672285677217

28 qw the Shooter (level 2, -1/24 HPs)
             Began as a Minotaur Hexslinger on July 12, 2023.
             Slain by a ball python (2 damage)
             ... on level 2 of the Dungeon.
             The game lasted 00:00:14 (281 turns).

qw the Shooter (Minotaur Hexslinger)                 Turns: 281, Time: 00:00:15

Health: -1/24      AC:  2    Str: 12    XL:     2   Next: 96%
Magic:  2/2        EV:  9    Int: 10    God:
Gold:   24         SH:  0    Dex: 12    Spells: 2/3 levels left

rFire   . . .        a - +1 sling
rCold   . . .        (no shield)
rNeg    . . .        c - +0 robe
rPois   .            (helmet restricted)
rElec   .            (no cloak)
rCorr   .            (no gloves)
SInv    .            (no boots)
Will    .....        (no amulet)
Stlth   +            (no ring)
HPRegen 0.24/turn    (no ring)
MPRegen 0.08/turn

%: no passive effects
@: constricted
A: horns 2, retaliatory headbutt
a: no special abilities


You were on level 2 of the Dungeon.
You visited 1 branch of the dungeon, and saw 2 of its levels.

You collected 24 gold pieces.


Innate Abilities, Weirdness & Mutations

You have a pair of horns on your head.
You reflexively headbutt those who attack you in melee.


   Skills:
 - Level 2.1 Fighting
 + Level 3.4 Ranged Weapons
 - Level 2.1 Dodging
 - Level 1.0 Spellcasting
 - Level 2.0 Hexes


You had 2 spell levels left.
You knew the following spells:

 Your Spells              Type           Power      Damage    Failure   Level
a - Slow                  Hex            16%        N/A       16%         1

Your spell library contained the following spells:

 Spells                   Type           Power      Damage    Failure   Level
 Inner Flame              Hex/Fire       2%         N/A       56%         3
 Portal Projectile        Hex/Tloc       4%         N/A       56%         3
 Cause Fear               Hex            2%         N/A       83%         4

Inventory:

Hand Weapons
 a - a +1 sling (weapon)
Armour
 c - a +0 robe (worn)
Scrolls
 b - a scroll of poison
 d - a scroll of fear {unknown}
 e - a scroll of teleportation {unknown}
 h - a scroll of fog {unknown}
Potions
 f - a potion of resistance {unknown}
 g - a potion of magic {unknown}

Dungeon Overview and Level Annotations

Branches:
Dungeon (1/15)

Altars:


Message History

A ball python comes into view.
The dart slug closely misses you. The hobgoblin barely misses you.
You shoot a sling bullet. The sling bullet hits the dart slug.
The dart slug is almost dead.
The hobgoblin hits you. The dart slug launches a dart at you.
The slug dart misses you.
You shoot a sling bullet. The sling bullet hits the dart slug.
You kill the dart slug!
A hobgoblin comes into view.
The hobgoblin hits you. The ball python bites you. The ball python grabs you.
The ball python constricts you.
You shoot a sling bullet.
The sling bullet closely misses the ball python.
You hear an angry hiss.
A bat comes into view.
The ball python bites you. The ball python constricts you.
A ball python comes into view.
The hobgoblin closely misses you.
The bat moves out of view.
You shoot a sling bullet. The sling bullet hits the ball python!
You kill the ball python!
The bat misses you. The hobgoblin hits you. x2
You shoot a sling bullet. The sling bullet hits the hobgoblin.
You kill the hobgoblin!
The bat misses you. The hobgoblin hits you. The ball python barely misses you.
You furiously retaliate!
You headbutt the ball python, but do no damage.
The ball python completely misses you.
You shoot a sling bullet.
The sling bullet closely misses the ball python.
The ball python bites you but does no damage.
The ball python closely misses you. The hobgoblin barely misses you.
The bat misses you.
You shoot a sling bullet. The sling bullet barely misses the bat.
The bat misses you. You furiously retaliate!
You headbutt the bat.
You kill the bat!
The ball python bites you but does no damage.
The ball python grabs you. The ball python constricts you.
The hobgoblin hits you. The ball python bites you.
You die...

.. # .# %#
# .#.!# #.
.#.[#
.##....#
......
###g#.#
#..@%#
#.#S#?# #
#.# #
#....#
#...#.#
#.#.....
#.[.. ..(
##########


You could see a hobgoblin and a ball python.

Vanquished Creatures
  2 dart slugs
  2 endoplasms (D:1)
  4 hobgoblins
  A quokka (D:1)
  3 ball pythons
  3 bats
  A goblin (D:1)
  3 kobolds (D:1)
  6 rats
25 creatures vanquished.

Notes
Turn   | Place    | Note
-------+----------+-------------------------------------------
     0 | D:1      | qw the Minotaur Hexslinger began the quest for the Orb.
     0 | D:1      | Reached XP level 1. HP: 16/16 MP: 1/1
     0 | D:1      | 0 ||| qw: Version: 0.3-a-52-g30416fa
     0 | D:1      | 0 ||| qw: Game counter: 6181
     0 | D:1      | 0 ||| qw: Melee chars always use a shield: true
     0 | D:1      | 0 ||| qw: God list: Okawaru
     0 | D:1      | 0 ||| qw: Allow faded altars: false
     0 | D:1      | 0 ||| qw: Do Orc after clearing Dungeon:15 true
     0 | D:1      | 0 ||| qw: Do second Lair branch before Depths: true
     0 | D:1      | 0 ||| qw: Lair rune preference: random
     0 | D:1      | 0 ||| qw: Goals: Normal
     0 | D:1      | 0 ||| PLANNING D:1-11
    72 | D:1      | Reached skill level 3 in Ranged Weapons
    75 | D:1      | Reached XP level 2. HP: 23/23 MP: 2/2
   266 | D:1      | You fall into a shaft and drop 1 floor!
   278 | D:2      | HP: 5/24 [hobgoblin (3)]
   279 | D:2      | HP: 2/24 [hobgoblin (3)]
   281 | D:2      | Slain by a ball python

Levels and vault maps discovered:
D:1:      dpeg_arrival_rooms_with_view, layout_rooms
D:2:      layout_basic, minmay_small_reverse_x

Skill      XL: |  1  2 |
---------------+-------+-----
Ranged Weapons | 3 |  3.4
Fighting       | 2 |  2.1
Dodging        | |  2.1
Spellcasting   | |  1.0
Hexes          | |  2.0

Action                     || total
---------------------------++-------
   Fire: Sling             ||    75
 Armour: Robe              ||     6
  Dodge: Dodged            ||    37

Table legend:
 A = Non-vault XP
 B = Vault XP
 C = Vault XP percentage of total XP
 D = Non-vault monster count
 E = Vault monster count
 F = Vault count percentage of total count
                 A         B        C        D         E       F
            +---------+---------+-------+---------+---------+-------
      Total |      33 |       9 |  21.4 |      21 |       4 |  16.0
            +---------+---------+-------+---------+---------+-------
        D:1 |      30 |       1 |   3.2 |      19 |       1 |   5.0
        D:2 |       3 |       8 |  72.7 |       2 |       3 |  60.0
            +---------+---------+-------+---------+---------+-------
